 Dungeon Sprint DCSS version 0.29.1-12-g30fa7ad0bf (webtiles) character file.

Game seed: 9865898225741508992

3389 Groucho the Eclecticist (level 9, -1/39 HPs)
             Began as a Spriggan Enchanter on Dec 26, 2022.
             Was a Follower of Dithmenos.
             Slain by a great orb of eyes (19 damage)
             ... in the Dungeon (Sprint II: "The Violet Keep of Menkaure").
             The game lasted 00:06:07 (835 turns).

Groucho the Eclecticist (Spriggan Enchanter)         Turns: 835, Time: 00:06:08

Health: -1/39      AC:  2    Str:  8    XL:     9   Next: 74%
Magic:  28/31      EV: 17    Int: 17    God:    Dithmenos [*.....]
Gold:   228        SH:  0    Dex: 15    Spells: 23/42 levels left

rFire   . . .      SeeInvis +   a - +1 dagger
rCold   . . .      Faith    .   (no shield)
rNeg    . . .      Spirit   .   b - +0 robe
rPois   .          Reflect  .   (helmet restricted)
rElec   .          Harm     .   (no cloak)
rCorr   .          Rampage  .   (gloves unavailable)
Will    +....      NoTele   +   (boots unavailable)
Stlth   ++++++++..              (no amulet)
HPRegen 0.13/turn               f - ring of flight
MPRegen 0.22/turn               (no ring)

@: flying, wreathed by umbra, very quick
A: very small, no large weapons, unfitting armour, see invisible, speed 3
a: Renounce Religion


You were in the Dungeon.
You worshipped Dithmenos.
Dithmenos was aware of your devotion.
You visited 1 branch You collected 1053 gold pieces.
You spent 825 gold pieces at shops.

Inventory:

Hand Weapons
 a - a +1 dagger (weapon)
Armour
 b - a +0 robe (worn)
 j - the +0 robe of Eternity {Rampage rPois Str-3 Archmagi}
   (You bought it in a shop in the Dungeon)

   Str:       It affects your strength (-3).
   rPois:     It protects you from poison.
   Rampage:   It bestows one free step when moving towards enemies.
   Archmagi:  It increases the power of your magical spells.
Jewellery
 f - a ring of flight (left hand)
Scrolls
 i - a scroll of blinking
Potions
 e - a potion of heal wounds
 g - 2 potions of magic
 h - a potion of berserk rage


   Skills:
 * Level 5.6 Short Blades
 - Level 2.6 Dodging
 - Level 16.0 Stealth
 - Level 17.1 Spellcasting
 * Level 3.7 Conjurations
 - Level 14.0 Hexes
 * Level 4.5 Earth Magic


You had 23 spell levels left.
You knew the following spells:

 Your Spells              Type           Power      Damage    Failure   Level
a - Ensorcelled Hibernat  Hex/Ice        76%        N/A       1%          2
b - Confusing Touch       Hex            58%        N/A       1%          3
c - Dazzling Flash        Conj/Hex       88%        N/A       1%          3
d - Stone Arrow           Conj/Erth      56%        3d10      2%          3
e - Lehudib's Crystal Sp  Conj/Erth      14%        10d5      100%        8

Your spell library contained the following spells:

 Spells                   Type           Power      Damage    Failure   Level
 Tukima's Dance           Hex            58%        N/A       1%          3
 Animate Armour           Summ/Erth      44%        N/A       16%         4


Dungeon Overview and Level Annotations

Branches:
Dungeon (1/1)

Altars:
Cheibriados
Dithmenos
Elyvilon
Fedhas
Gozag
Hepliaklqana
Kikubaaqudgha
Makhleb
Nemelex Xobeh
Okawaru
Qazlal
Ru
Sif Muna
Trog
Uskayaw
Vehumet
Wu Jian
Xom
Yredelemnul
Zin
The Shining One
Jiyva
Lugonu

Shops:
D [::=:=:=!(=(![?

Annotations:
D exclusion: oklob plant


Innate Abilities, Weirdness & Mutations

You are very small and have problems with some larger weapons.
You are too small for most types of armour.
You have supernaturally acute eyesight. (SInv)
You cover ground extremely quickly. (Speed+++)


Message History

You hit the polar bear but do no damage.
You hit the polar bear but do no damage.
The polar bear barely misses you. x3
You barely miss the polar bear. The polar bear completely misses you.
The polar bear barely misses you. x2
You hit the polar bear but do no damage.
The polar bear appears confused.
You hit the polar bear but do no damage.
The polar bear completely misses you. The polar bear claws you.
The polar bear closely misses you.
You hit the polar bear but do no damage.
You hit the polar bear but do no damage.
You hit the polar bear but do no damage.
You catch the helpless polar bear completely off-guard!
You impale the polar bear!!
The polar bear is severely wounded.
The polar bear closely misses you. The polar bear completely misses you.
The polar bear barely misses you.
You strike the helpless polar bear from behind!
You impale the polar bear!!
You kill the polar bear!
Dithmenos accepts your kill.
You now have 228 gold pieces (gained 81).
You see here a +0 arbalest.
You reach down and open the door.
A great orb of eyes comes into view.
Found 3 poisoned darts.
Found 6 boomerangs and 81 gold pieces.
There is an open door here.
The great orb of eyes turns its gaze towards you.
You see here 3 poisoned darts.
You hit the great orb of eyes but do no damage.
The great orb of eyes gazes at you.
You easily resist.
Casting: Confusing Touch (safe; 1% risk of failure)
Confirm with . or Enter, or press ? or * to list all spells.
Casting: Dazzling Flash (safe; 1% risk of failure)
Press: ? - help, Dir - look around, f - activate The great orb of eyes is dazzled.
The great orb of eyes bites you!!
You die...

# ## ~#+++# .. ~.... ..
~~.##+##.. #. ~~##...##.####
+.### ~~#..##.# ...# ...####
######.####..#####..##.# $??
#.###'###.##..#G@'..#..#▓$$$?[
...##.##...#..#$(#..#..#▓$[[$)
##.'.<.'###'..####^.##)#▓($($(
.####.##...#....###...##▓▓▓▓▓▓
#†###'###.##......~~~~~~~~~~~~
####.#.####~~§.§§.~#'########+
~~#.###.#~§~~~~~..~#....._._#~
#~##.#.##~~§§~§~~.~#...._._.#§
~~##+##~~~≈≈§§§~~~#..._._._#~


You could see a great orb of eyes (blind).

Vanquished Creatures
  2 boulder beetles (D)
  A yaktaur (D)
  3 polar bears (D)
  A hornet (D)
  2 wyverns (D)
  4 neqoxecs (D)
  Menkaure (D)
  2 water moccasins (D)
  3 worms (D)
19 creatures vanquished.

Notes
Turn   | Place    | Note
-------+----------+-------------------------------------------
     0 | D        | Groucho the Spriggan Enchanter began the quest for the Orb.
     0 | D        | Reached XP level 1. HP: 9/9 MP: 5/5
     7 | D        | Reached skill level 5 in Stealth
     7 | D        | Reached skill level 3 in Spellcasting
    12 | D        | Noticed a neqoxec
    16 | D        | Killed a neqoxec
    17 | D        | Reached skill level 6 in Spellcasting
    17 | D        | Reached XP level 2. HP: 13/13 MP: 5/10
    17 | D        | Reached XP level 3. HP: 16/16 MP: 6/12
    17 | D        | Reached XP level 4. HP: 21/21 MP: 6/13
    17 | D        | Reached XP level 5. HP: 24/24 MP: 6/15
    17 | D        | Noticed a neqoxec
    18 | D        | Killed a neqoxec
    19 | D        | Reached skill level 7 in Spellcasting
    19 | D        | Reached XP level 6. HP: 28/28 MP: 6/17
    19 | D        | Noticed a neqoxec
    19 | D        | Noticed a neqoxec
    21 | D        | Killed a neqoxec
    22 | D        | Reached skill level 15 in Stealth
    22 | D        | Reached skill level 8 in Spellcasting
    23 | D        | Killed a neqoxec
    24 | D        | Reached skill level 9 in Spellcasting
    24 | D        | Reached skill level 10 in Hexes
    24 | D        | Reached XP level 7. HP: 32/32 MP: 6/21
    32 | D        | Noticed a boulder beetle
    32 | D        | Noticed a boulder beetle
    35 | D        | Noticed a wyvern
    35 | D        | Noticed a wyvern
    38 | D        | Killed a wyvern
    39 | D        | Reached skill level 10 in Spellcasting
    44 | D        | Learned a level 2 spell: Ensorcelled Hibernation
    48 | D        | Killed a wyvern
    49 | D        | Reached skill level 11 in Spellcasting
    54 | D        | Learned a level 3 spell: Confusing Touch
    58 | D        | Learned a level 3 spell: Dazzling Flash
   192 | D        | Noticed Menkaure
   195 | D        | Killed Menkaure
   196 | D        | Reached skill level 12 in Spellcasting
   197 | D        | Killed a boulder beetle
   198 | D        | Reached skill level 13 in Spellcasting
   198 | D        | Reached XP level 8. HP: 36/36 MP: 18/26
   202 | D        | Reached skill level 14 in Spellcasting
   599 | D        | Killed a boulder beetle
   600 | D        | Reached skill level 16 in Spellcasting
   600 | D        | Reached XP level 9. HP: 36/39 MP: 23/30
   628 | D        | Found Xuenti's Antique Weapon Shop.
   628 | D        | Found Huneqink's Distillery.
   628 | D        | Found Voczulix's Antique Armour Shop.
   628 | D        | Found Xuqim's Antique Weapon Boutique.
   628 | D        | Found Dogyso's Jewellery Boutique.
   628 | D        | Found Hagi's Jewellery Shop.
   628 | D        | Found Vahac's Distillery.
   628 | D        | Found Oneegh's Magic Scroll Boutique.
   632 | D        | Found Iblipeh's Book Shop.
   632 | D        | Found Zisar's Jewellery Boutique.
   646 | D        | Reached skill level 17 in Spellcasting
   648 | D        | Found Gilurghu's Book Boutique.
   648 | D        | Found Moleanezisch's Jewellery Shop.
   648 | D        | Noticed an iron elemental
   648 | D        | Noticed an oklob plant
   649 | D        | Found Nygoxyib's Book Shop.
   649 | D        | Found Ebaaqar's Book Shoppe.
   649 | D        | Found Iclu's Antique Armour Boutique.
   680 | D        | Bought a ring of flight for 245 gold pieces
   687 | D        | Bought a dull robe for 148 gold pieces
   687 | D        | Identified the +0 robe of Eternity {Rampage rPois Str-3
                  | Archmagi} (You bought it in a shop in the Dungeon)
   694 | D        | Bought a book of Armaments for 432 gold pieces
   698 | D        | Learned a level 3 spell: Stone Arrow
   707 | D        | Learned a level 8 spell: Lehudib's Crystal Spear
   734 | D        | Found a snail-covered altar of Cheibriados.
   735 | D        | Found a shadowy altar of Dithmenos.
   735 | D        | Found a viscous altar of Jiyva.
   736 | D        | Found a white marble altar of Elyvilon.
   736 | D        | Found an ancient bone altar of Kikubaaqudgha.
   737 | D        | Found a blossoming altar of Fedhas.
   737 | D        | Found a corrupted altar of Lugonu.
   737 | D        | Found a shimmering blue altar of Sif Muna.
   739 | D        | Found an opulent altar of Gozag.
   739 | D        | Found a burning altar of Makhleb.
   739 | D        | Found a bloodstained altar of Trog.
   740 | D        | Found a sparkling altar of Nemelex Xobeh.
   740 | D        | Found a hide-covered altar of Uskayaw.
   741 | D        | Found a basalt altar of Yredelemnul.
   742 | D        | Found an iron altar of Okawaru.
   742 | D        | Found a radiant altar of Vehumet.
   742 | D        | Found a glowing silver altar of Zin.
   742 | D        | Found a hazy altar of Hepliaklqana.
   742 | D        | Found a sacrificial altar of Ru.
   742 | D        | Found a shimmering altar of Xom.
   742 | D        | Noticed a polar bear
   743 | D        | Found a stormy altar of Qazlal.
   743 | D        | Found an ornate altar of the Wu Jian Council.
   743 | D        | Found a glowing golden altar of the Shining One.
   743 | D        | Noticed a yaktaur
   747 | D        | Became a worshipper of Dithmenos the Shadowed
   754 | D        | Noticed a polar bear
   754 | D        | Noticed a polar bear
   763 | D        | Killed a polar bear
   764 | D        | Reached skill level 1 in Conjurations
   767 | D        | Killed a polar bear
   773 | D        | Reached * piety under Dithmenos
   807 | D        | Killed a yaktaur
   808 | D        | Reached skill level 5 in Short Blades
   820 | D        | Killed a polar bear
   831 | D        | Noticed a great orb of eyes
   835 | D        | Slain by a great orb of eyes

Illustrated notes

Levels and vault maps discovered:
D:        the_violet_keep_of_menkaure [sprint2_stairs_cluster_1,
          sprint2_shoproom, sprint2_temple, sprint2_basic_supplies,
          sprint2_obstacle_1, sprint2_obstacle_7, sprint2_obstacle_3,
          sprint2_obstacle_6, sprint2_obstacle_4, sprint2_timed_cluster_1,
          sprint2_smallroom_cluster_1, sprint2_smallroom_final_cluster_1,
          sprint2_transparent_cluster_1, sprint2_second_timed_cluster_1,
          sprint2_sniper_area_1, sprint2_heavy_combat_area_1,
          sprint2_mutation_trap_area_1, sprint2_forest_area_1,
          sprint2_light_combat_area_1, sprint2_behind_water_1,
          sprint2_near_end_vault_1]

Skill      XL: |  1  2  3  4  5  6  7  8  9 |
---------------+----------------------------+-----
Stealth        | 11 14 16 | 16.0
Spellcasting   | 6 7 9 13 16 17 | 17.1
Hexes          | 7 8 10 14 | 14.0
Short Blades   | 5 |  5.6
Conjurations   | 3 |  3.7
Earth Magic    | 4 |  4.5
Dodging        | |  2.6

Action                   |  1- 3 |  4- 6 |  7- 9 || total
-------------------------+-------+-------+-------++-------
Melee: Dagger            |     4 |     3 |    42 ||    49
       Punch             |       |       |     1 ||     1
 Cast: Ensorcelled Hiber |       |       |    10 ||    10
       Confusing Touch   |       |       |     4 ||     4
       Dazzling Flash    |       |       |     1 ||     1
  Use: Potion            |     2 |       |     2 ||     4
 Stab: Sleeping          |     3 |     3 |    10 ||    16
       Invisible         |     1 |       |     4 ||     5
       Confused          |       |       |     3 ||     3
Armor: Robe              |       |       |     3 ||     3
Dodge: Dodged            |       |       |    37 ||    37
